 Dungeon Crawl Stone Soup version 0.21.1-1-g345015f (webtiles) character file.

233 diana the Slasher (level 6, -1/39 HPs)
             Began as a Tengu Fighter on June 17, 2018.
             Was an Initiate of Gozag.
             Slain by a river rat (7 damage)
             ... on level 3 of the Dungeon.
             The game lasted 00:04:36 (2346 turns).

diana the Slasher (Tengu Fighter)                   Turns: 2346, Time: 00:04:37

Health: -1/39      AC:  6    Str: 18    XL:     6   Next: 4%
Magic:  7/7        EV:  7    Int:  9    God:    Gozag
Gold:   364        SH:  9    Dex: 13    Spells: 5/5 levels left

rFire    . . .     SeeInvis .   a - +0 long sword
rCold    . . .     Gourm    .   c - +0 shield
rNeg     . . .     Faith    .   b - +0 scale mail
rPois    .         Spirit   .   (helmet restricted)
rElec    .         Reflect  .   (no cloak)
rCorr    .         Harm     .   (no gloves)
MR       .....                  (boots unavailable)
Stlth    ..........             (no amulet)
HPRegen  0.13/turn              (no ring)
MPRegen  0.10/turn              (no ring)

@: no status effects
A: beak, talons 3, able to fly 1
a: Fly, Potion Petition, Call Merchant, Bribe Branch, Renounce Religion


You were on level 3 of the Dungeon.
You worshipped Gozag.
Gozag was aware of your devotion.
You were near starving.

You visited 1 branch of the dungeon, and saw 3 of its levels.

You collected 394 gold pieces.
You paid 30 gold pieces to Gozag.

Inventory:

Hand Weapons
 a - a +0 long sword (weapon)
Armour
 b - a +0 scale mail (worn)
 c - a +0 shield (worn)
Jewellery
 q - an uncursed amulet of harm {unknown}
Scrolls
 e - 3 scrolls of amnesia
 i - a scroll of immolation {unknown}
 n - a scroll of teleportation {unknown}
 p - a scroll of noise {unknown}
 s - a scroll of remove curse {unknown}
Potions
 d - a potion of might
 g - a potion of lignification
 h - a potion of curing
 j - 2 potions of heal wounds {unknown}
 k - 2 potions of brilliance {unknown}
 l - a potion of cancellation {unknown}
 m - 2 potions of degeneration {unknown}
 o - 2 potions of mutation {unknown}
 r - a potion of haste {unknown}
Comestibles
 f - 4 rations


   Skills:
 + Level 4.4 Fighting
 * Level 5.6 Long Blades
 - Level 3.2 Armour
 - Level 3.0 Shields


You had 5 spell levels left.
You didn't know any spells.

Dungeon Overview and Level Annotations

Branches:
Dungeon (3/15)

Altars:
Cheibriados
Elyvilon
Gozag
Makhleb
Qazlal
Sif Muna
Uskayaw
Vehumet
Zin
The Shining One


Innate Abilities, Weirdness & Mutations

You have a beak for a mouth.
You have claws for feet.
You can fly.


Message History

You claw the rat, but do no damage.
The rat is moderately wounded.
The river rat bites you.
* * * LOW HITPOINT WARNING * * *
You are near starving!
You block the rat's attack. The river rat bites you.
* * * LOW HITPOINT WARNING * * *
The river rat is distracted by the nearby gold.
You slash the rat!
You kill the rat!
The river rat is no longer distracted by gold.
You are too injured to fight recklessly!
You are too injured to fight recklessly!
You closely miss the river rat. Your kick misses the river rat.
Your peck misses the river rat.
The river rat is heavily wounded.
The river rat bites you!
You die...
Your body crumbles into a pile of gold.

......$.#########..##≈≈PP.≈≈≈P≈P≈
#######............###≈≈P.≈≈≈P≈≈≈
#..........###...≈≈.≈≈≈≈P≈♣
#.........## #.##....♣♣♣♣≈.
#.........# #.##..........
#.........####>#..##.....##
#...........##.#.###...#...
#####...$r..##.#.##..####..
#.####@..#.#.#...# #.. ###
#.........#.# #.. ########
#.......###.# #..
##......####......###.## #..
###.............#......>.#####
............###........#..# #
#..........# #........##.# #
#..........# #.#.......#.# #
#..........# #.#.......#.# #


You could see a river rat.

Vanquished Creatures
  The ghost of Iko the Cutter, a weakling KoCK of Xom (D:3)
  2 orc priests (D:3)
  4 adders (D:3)
  2 river rats (D:3)
  4 worms
  A dart slug (D:2)
  A leopard gecko (D:2)
  4 orcs (D:3)
  8 bats
  2 giant cockroaches (D:2)
  10 goblins
  4 hobgoblins
  4 jackals (D:2)
  A ball python (D:1)
  A frilled lizard (D:3)
  9 kobolds
  A quokka skeleton (D:3)
  7 rats
66 creatures vanquished.

Notes
Turn   | Place    | Note
-------+----------+-------------------------------------------
     0 | D:1      | diana the Tengu Fighter began the quest for the Orb.
     0 | D:1      | Reached XP level 1. HP: 14/14 MP: 2/2
    64 | D:1      | Reached XP level 2. HP: 15/19 MP: 3/3
   264 | D:1      | Reached skill level 3 in Long Blades
   625 | D:2      | Reached XP level 3. HP: 23/23 MP: 4/4
   695 | D:2      | Found a deep blue altar of Sif Muna.
   702 | D:2      | Found a burning altar of Makhleb.
   704 | D:2      | Found a stormy altar of Qazlal.
   704 | D:2      | Found a white marble altar of Elyvilon.
   704 | D:2      | Found an opulent altar of Gozag.
   707 | D:2      | Found a snail-covered altar of Cheibriados.
   717 | D:2      | Became a worshipper of Gozag Ym Sagoz the Greedy
  1517 | D:3      | Reached skill level 4 in Long Blades
  1517 | D:3      | Reached XP level 4. HP: 22/29 MP: 5/5
  1616 | D:3      | Noticed Iko's ghost (weakling KoCK)
  1626 | D:3      | Killed Iko's ghost
  1754 | D:3      | Found a glowing golden altar of the Shining One.
  1757 | D:3      | Found a glowing silver altar of Zin.
  1765 | D:3      | Gained mutation: You can fly. [Tengu growth]
  1765 | D:3      | Reached XP level 5. HP: 28/33 MP: 6/6
  1794 | D:3      | Reached skill level 5 in Long Blades
  1902 | D:3      | Found a radiant altar of Vehumet.
  1905 | D:3      | Found a hide-covered altar of Uskayaw.
  2303 | D:3      | Reached XP level 6. HP: 11/39 MP: 7/7
  2332 | D:3      | HP: 1/39 [river rat (8)]
  2346 | D:3      | Slain by a river rat

Skill      XL: |  1  2  3  4  5 |
---------------+----------------+-----
Long Blades    | 3 4 5 |  5.6
Fighting       | 4 |  4.4
Armour         | |  3.2
Shields        | |  3.0

Action                   |  1- 3 |  4- 6 || total
-------------------------+-------+-------++-------
Melee: Long sword        |    86 |   110 ||   196
       Peck              |     9 |    12 ||    21
       Kick              |    20 |    28 ||    48
  Use: Potion            |       |     4 ||     4
       Scroll            |       |     1 ||     1
  Eat: Ration            |       |     1 ||     1
Armor: Scale mail        |    41 |    23 ||    64
       Skin              |       |    10 ||    10
Dodge: Dodged            |    34 |    30 ||    64
Block: Shield            |    43 |    38 ||    81
       Rpst.: Long sword |     7 |     9 ||    16
